AoeStats
← KootH.

African Clearing

504142912Analyzed
4v4 RM · 29d ago on Sep 4, 2026· 80m 9s· 8 players
Game mode
Random Map
Map size
Large (8 player)
Population
200
Speed
Normal
Resources
Standard
Victory
Conquest
Starting age
Dark Age
Ending age
Imperial Age
RankedLock teamsTeams togetherTeam positionsShared explorationLock speedFull tech treeHidden civsTurbo modeCheats
Victory
Defeat
🇧🇷 Berbers · Brazil
1684
+14
🇳🇿 Huns · New Zealand
1613
+18
🇧🇴 Jurchens · Bolivia
1607
+18
🇨🇴 Chinese · Colombia
1589
+19
🇺🇸 Britons · United States
1812
-25
🇺🇸 Koreans · United States
1732
-21
🇨🇴 Magyars · Colombia
1536
-12
🇨🇳 Mongols · China
1521
-11
ImprovingYeti
9:55 Loom
12:01 Feudal Age
12:45 Double-Bit Axe
13:57 Scale Barding Armor
19:34 Forging
19:43 Bloodlines
25:02 Castle Age
25:20 Horse Collar
26:21 Chain Barding Armor
31:59 Iron Casting
32:10 Wheelbarrow
34:28 Bow Saw
38:42 Hand Cart
38:28 Heavy Plow
39:44 Gold Mining
39:44 Stone Mining
40:26 Husbandry
43:39 Imperial Age
41:51 Gold Shaft Mining
43:42 Cavalier
44:23 Scale Mail Armor
45:10 Plate Barding Armor
45:41 Blast Furnace
46:56 Light Cavalry
46:57 Paladin
48:58 Town Watch
50:31 Fletching
53:20 Two-Man Saw
53:13 Bodkin Arrow
56:48 Padded Archer Armor
56:49 Elite Skirmisher
57:36 Thumb Ring
57:47 Leather Archer Armor
57:32 Bracer
58:02 Ballistics
58:42 Chemistry
58:20 Bracer
57:46 Light Cavalry
60:37 Hussar
60:43 Elite Genitour
62:19 Town Patrol
63:29 Capped Ram
65:47 Parthian Tactics
68:10 Conscription
67:13 Siege Ram
72:08 Masonry
75:01 Caravan
[ECU] Pendeck's
11:25 Loom
14:10 Feudal Age
15:46 Double-Bit Axe
22:20 Wheelbarrow
22:05 Town Watch
29:58 Castle Age
50:04 Bow Saw
49:36 Horse Collar
53:40 Sanctity
54:38 Fervor
59:59 Horse Collar
61:31 Hand Cart
62:11 Heavy Plow
65:45 Gold Mining
65:48 Stone Mining
68:54 Imperial Age
69:20 Squires
69:36 Capped Ram
71:37 Scale Mail Armor
71:47 Forging
72:57 Masonry
74:05 Two-Man Saw
74:45 Chain Mail Armor
74:43 Siege Engineers
75:51 Caravan
75:38 Siege Ram
77:34 Forging
Sebasky
3:30 Loom
14:43 Feudal Age
21:36 Castle Age
19:22 Double-Bit Axe
21:56 Horse Collar
26:10 Bow Saw
27:58 Fletching
31:54 Bodkin Arrow
31:59 Padded Archer Armor
39:55 Imperial Age
38:01 Wheelbarrow
42:28 Bracer
42:17 Capped Ram
45:33 Leather Archer Armor
45:05 Elite Genitour
45:53 Thumb Ring
48:03 Ballistics
48:49 Chemistry
49:01 Ring Archer Armor
51:09 Scale Barding Armor
51:53 Heavy Scorpion
53:48 Masonry
57:04 Siege Ram
58:41 Gold Mining
58:43 Stone Mining
60:08 Crossbowman
61:12 Arbalester
64:23 Conscription
64:24 Rocketry
67:39 Masonry
68:03 Scale Barding Armor
68:09 Forging
68:59 Hand Cart
69:21 Coinage
68:52 Caravan
69:38 Chain Barding Armor
69:34 Town Watch
73:19 Banking
74:46 Bloodlines
74:37 Husbandry
74:11 Elite Fire Lancer
74:52 Squires
74:37 Arson
74:53 Scale Mail Armor
75:29 Iron Casting
76:40 Two-Man Saw
77:05 Chain Mail Armor
77:51 Blast Furnace
PeAcE mE
4:50 Loom
13:03 Feudal Age
16:54 Castle Age
14:42 Double-Bit Axe
15:32 Fletching
18:15 Bodkin Arrow
19:41 Bow Saw
21:02 Ballistics
25:18 Town Watch
26:06 Padded Archer Armor
27:43 Bloodlines
27:50 Leather Archer Armor
28:13 Husbandry
29:31 Wheelbarrow
29:36 Horse Collar
31:45 Scale Barding Armor
35:29 Hand Cart
39:11 Imperial Age
36:06 Elite Skirmisher
40:20 Bracer
41:55 Chemistry
43:12 Thumb Ring
43:25 Heavy Plow
43:28 Capped Ram
44:27 Gold Mining
45:25 Ring Archer Armor
45:59 Chemistry
45:34 Stone Mining
46:26 Crop Rotation
49:20 Chain Barding Armor
49:10 Forging
51:02 Plate Barding Armor
49:48 Light Cavalry
51:06 Hussar
54:36 Iron Casting
54:14 Kasbah
54:35 Conscription
58:35 Blast Furnace
59:16 Cavalier
59:55 Elite Camel Archer
62:47 Gold Shaft Mining
62:49 Stone Shaft Mining
69:40 Maghrebi Camels
嗚
11:28 Feudal Age
10:12 Loom
12:10 Double-Bit Axe
14:03 Fletching
39:11 Castle Age
41:45 Wheelbarrow
41:23 Bow Saw
41:41 Stone Mining
41:42 Gold Mining
42:06 Bodkin Arrow
43:17 Stone Shaft Mining
47:52 Horse Collar
49:46 Gold Shaft Mining
49:35 Ballistics
54:41 Imperial Age
53:06 Hand Cart
53:12 Scale Mail Armor
53:23 Forging
52:36 Pikeman
54:22 Eupseong
55:42 Bracer
57:06 Halberdier
60:32 Squires
63:00 Two-Man Saw
62:50 Iron Casting
63:14 Elite Fire Lancer
65:08 Chain Mail Armor
65:56 Chemistry
64:45 Arrowslits
65:11 Masonry
68:02 Plate Mail Armor
67:37 Arson
67:37 Arson
67:38 Gambesons
68:12 Caravan
68:31 Guilds
70:24 Conscription
70:41 Architecture
69:52 Treadmill Crane
71:17 Chemistry
70:41 Capped Ram
Bubbagump
13:56 Feudal Age
14:35 Double-Bit Axe
15:16 Loom
17:32 Castle Age
16:04 Fishing Lines
18:55 Bow Saw
19:23 Wheelbarrow
19:39 Gillnets
20:19 Horse Collar
21:39 Stone Mining
23:06 Gold Mining
23:18 Town Watch
25:09 Hand Cart
26:18 Heavy Plow
27:16 Gold Shaft Mining
27:12 Ballistics
26:36 Treadmill Crane
27:28 Town Patrol
30:59 Imperial Age
28:54 Ballistics
28:25 Guard Tower
29:20 Fletching
29:31 Padded Archer Armor
29:56 Masonry
30:05 Bodkin Arrow
32:49 Two-Man Saw
31:59 Bracer
33:21 Chemistry
32:13 Arrowslits
35:11 Keep
35:07 Architecture
35:07 Leather Archer Armor
36:55 Conscription
37:06 Ring Archer Armor
37:21 Coinage
37:29 Yeomen
37:10 Warwolf
38:39 Banking
39:21 Elite Longbowman
40:36 Hoardings
39:58 Murder Holes
46:40 Scale Mail Armor
46:13 Pikeman
46:53 Squires
46:43 Halberdier
47:09 Arson
47:40 Chain Mail Armor
48:01 Forging
48:58 Plate Mail Armor
56:54 Iron Casting
64:21 Capped Ram
65:16 Gambesons
68:59 Caravan
76:37 Blast Furnace
75:23 Man-at-Arms
KootH.
3:01 Loom
12:22 Feudal Age
15:16 Double-Bit Axe
20:46 Wheelbarrow
23:38 Castle Age
22:11 Fletching
22:38 Horse Collar
23:46 Elite Skirmisher
aunclelikegod02
11:54 Feudal Age
12:26 Loom
16:01 Castle Age
14:33 Double-Bit Axe
18:30 Bow Saw
18:58 Pikeman
38:51 Town Watch
44:42 Wheelbarrow
44:09 Stone Mining
44:10 Gold Mining
46:34 Hand Cart
49:02 Gold Shaft Mining
52:05 Imperial Age
49:54 Squires
49:56 Scale Mail Armor
50:06 Forging
50:45 Forging
51:58 Chain Mail Armor
52:19 Iron Casting
53:43 Plate Mail Armor
54:41 Conscription
54:58 Ballistics
55:39 Chemistry
54:49 Fletching
55:27 Padded Archer Armor
55:31 Bodkin Arrow
57:24 Bracer
58:18 Leather Archer Armor
58:30 Parthian Tactics
58:27 Thumb Ring
60:03 Blast Furnace
60:18 Husbandry
60:28 Bloodlines
60:51 Capped Ram
63:22 Drill
62:46 Elite Mangudai
64:08 Nomads
64:44 Hoardings
64:45 Guard Tower
64:51 Murder Holes
65:07 Siege Engineers
66:53 Light Cavalry
67:39 Scale Barding Armor
67:11 Onager
70:54 Caravan
72:33 Stone Shaft Mining
72:27 Siege Ram
Connection lost

Rejoining the realm…

Still unreachable

The connection could not be restored.

Session expired

The server has moved on; the page needs a fresh start.